 Dungeon Crawl Stone Soup version 0.22.0-32-gbc6daba (console) character file.

101 removed the Conjurer (level 4, 0/36 HPs)
             Began as a Deep Dwarf Wizard on Aug 23, 2018.
             Slain by a goblin (2 damage)
             ... on level 3 of the Dungeon.
             The game lasted 00:03:57 (2603 turns).

removed the Conjurer (Deep Dwarf Wizard)            Turns: 2603, Time: 00:03:57

Health: 0/36       AC:  3    Str: 12    XL:     4   Next: 48%
Magic:  3/8        EV: 12    Int: 18    God:
Gold:   38         SH:  0    Dex: 11    Spells: 7/8 levels left

rFire    . . .     SeeInvis .   a - +0 whip
rCold    . . .     Gourm    .   (no shield)
rNeg     . . .     Faith    .   e - +0 robe
rPois    +         Spirit   .   b - +0 hat
rElec    .         Reflect  .   (no cloak)
rCorr    .         Harm     .   (no gloves)
MR       .....                  g - +0 pair of boots
Stlth    ++........             (no amulet)
HPRegen  0.00/turn              f - ring of poison resistance
MPRegen  0.11/turn              (no ring)

@: non-regenerating
A: damage resistance, heal wounds, sense surroundings 1, no regeneration
a: Heal Wounds


You were on level 3 of the Dungeon.
You were hungry.

You visited 1 branch of the dungeon, and saw 3 of its levels.

You collected 38 gold pieces.

Inventory:

Hand Weapons
 a - a +0 whip (weapon)
 x - a +0 hand axe
Missiles
 q - a throwing net (quivered)
Armour
 b - a +0 hat (worn)
 e - a +0 robe (worn)
 g - a +0 pair of boots (worn)
 s - a +2 ring mail of poison resistance
Jewellery
 f - a ring of poison resistance (left hand)
 p - an uncursed ring of fire
Scrolls
 i - a scroll of enchant weapon {unknown}
 k - a scroll of magic mapping {unknown}
 m - 2 scrolls of teleportation {unknown}
 o - a scroll of remove curse {unknown}
 u - a scroll of amnesia {unknown}
 w - a scroll of identify {unknown}
Potions
 j - a potion of flight {unknown}
 l - a potion of curing {unknown}
 v - a potion of brilliance {unknown}
Comestibles
 d - 5 rations
 t - 4 chunks of flesh


   Skills:
 - Level 2.1 Dodging
 - Level 2.4 Stealth
 - Level 2.6 Spellcasting
 + Level 4.0 Conjurations
   Level 0.8 Summonings
   Level 1.1 Translocations


You had 7 spell levels left.
You knew the following spells:

 Your Spells              Type           Power        Failure   Level  Hunger
a - Magic Dart            Conj           ###.         3%          1    #......

Your spell library contained the following spells:

 Spells                   Type           Power        Failure   Level  Hunger
 Blink                    Tloc           N/A          16%         2    ##.....
 Call Imp                 Summ           #.......     19%         2    ##.....
 Conjure Flame            Conj/Fire      #.......     22%         3    ###....
 Slow                     Hex            #.......     26%         2    ##.....
 Mephitic Cloud           Conj/Pois/Air  #.......     28%         3    ###....


Dungeon Overview and Level Annotations

Branches:
Dungeon (3/15)

Altars:

Annotations:
D:3 Natasha


Innate Abilities, Weirdness & Mutations

You are resistant to damage.
You can heal yourself by infusing magical energy.
You passively map a small area around you.
You do not regenerate.


Message History

The orc priest calls upon Beogh to heal the orc wizard.
The orc wizard is healed somewhat.
The orc wizard hits you with a dagger.
You hit the frilled lizard.
You kill the frilled lizard!
The orc hits you with a hand axe.
* * * LOW HITPOINT WARNING * * *
The orc priest hits you with a hand axe.
* * * LOW HITPOINT WARNING * * *
The orc wizard completely misses you. The orc priest misses you.
The orc wizard hits you but does no damage.
Found a sedimented brown potion.
Things that are here:
a war axe; an orc corpse Unknown command.
The orc wizard gestures at you while chanting.
The puff of frost hits you!
* * * LOW HITPOINT WARNING * * *
The goblin hits you.
You die...

.##..............#
..#..........#... ..
..#.......[..#.#.#.#
..#..........#.# ..#
..#........#..<# ..#
..#........##.o#*..#
.##...........o##..#####
##.........###.).(......
...........# #.o@.......
..###............g......
..#
#...................,*
..# . ...####......... *
... .., * #.........
..., # #......... .., ,
#!........ . ,
##........ , , ,


You could see an orc priest, an orc wizard, an orc and a goblin.

Vanquished Creatures
  4 adders
  2 worms
  A leopard gecko (D:3)
  3 orcs (D:3)
  3 giant cockroaches
  5 hobgoblins
  7 jackals
  6 kobolds
  6 bats
  6 frilled lizards
  12 rats
55 creatures vanquished.

Notes
Turn   | Place    | Note
-------+----------+-------------------------------------------
     0 | D:1      | removed the Deep Dwarf Wizard began the quest for the Orb.
     0 | D:1      | Reached XP level 1. HP: 15/15 MP: 4/4
    75 | D:1      | Reached skill level 1 in Conjurations
   408 | D:1      | Reached XP level 2. HP: 20/22 MP: 2/5
   412 | D:1      | Reached skill level 2 in Conjurations
  1175 | D:2      | Reached XP level 3. HP: 24/28 MP: 2/7
  1301 | D:2      | Reached skill level 3 in Conjurations
  2178 | D:3      | Reached XP level 4. HP: 30/36 MP: 3/8
  2417 | D:3      | Noticed Natasha
  2595 | D:3      | Reached skill level 4 in Conjurations
  2603 | D:3      | Slain by a goblin

Skill      XL: |  1  2  3  4 |
---------------+-------------+-----
Conjurations   | 1 2 3 4 |  4.0
Dodging        | |  2.1
Stealth        | |  2.4
Spellcasting   | |  2.6
Summonings     | |  0.8
Translocations | |  1.1

Action                   |  1- 3 |  4- 6 || total
-------------------------+-------+-------++-------
Melee: Whip              |    53 |    49 ||   102
 Cast: Magic Dart        |    97 |    37 ||   134
  Eat: Chunk             |     4 |     1 ||     5
Armor: Robe              |    25 |    18 ||    43
Dodge: Dodged            |    51 |    39 ||    90
